 Dungeon Crawl Stone Soup version 0.29-a0-1065-g47a6bb87d6 (webtiles) character file.

Game seed: 11855501825511178566

7 siradein the Grave Robber (level 1, 0/14 HPs)
             Began as a Demonspawn Necromancer on Aug 18, 2022.
             Slain by a quokka (4 damage)
             ... on level 1 of the Dungeon.
             The game lasted 00:00:23 (170 turns).

siradein the Grave Robber (Demonspawn Necromancer)   Turns: 170, Time: 00:00:23

Health: 0/14       AC:  2    Str:  8    XL:     1   Next: 83%
Magic:  0/3        EV: 12    Int: 16    God:
Gold:   0          SH:  0    Dex: 13    Spells: 3/4 levels left

rFire   . . .      SeeInvis .   e - +0 short sword
rCold   . . .      Faith    .   (no shield)
rNeg    . . .      Spirit   .   a - +0 robe
rPois   .          Reflect  .   (no helmet)
rElec   .          Harm     .   (no cloak)
rCorr   .          Rampage  .   (no gloves)
Will    .....                   (no boots)
Stlth   ++........              (no amulet)
HPRegen 0.04/turn               (no ring)
MPRegen 0.08/turn               (no ring)

@: no status effects
A: no striking features
a: no special abilities


You were on level 1 of the Dungeon.
You visited 1 branch of the dungeon, and saw 1 of its levels.

Inventory:

Hand Weapons
 e - a +0 short sword (weapon)
Armour
 a - a +0 robe (worn)
Scrolls
 c - a scroll of amnesia {unknown}
Potions
 b - a potion of magic
 d - a potion of brilliance {unknown}


   Skills:
 + Level 0.6 Fighting
 - Level 1.7 Dodging
 - Level 1.7 Stealth
 + Level 2.2 Spellcasting
 + Level 4.5 Necromancy


You had 3 spell levels left.
You knew the following spells:

 Your Spells              Type           Power      Damage    Failure   Level
a - Necrotise             Necr           64%        1d7       3%          1

Your spell library contained the following spells:

 Spells                   Type           Power      Damage    Failure   Level
 Vampiric Draining        Necr           16%        2d7       10%         3
 Animate Dead             Necr           16%        N/A       30%         4
 Agony                    Necr           16%        N/A       65%         5


Dungeon Overview and Level Annotations

Branches:
Dungeon (1/15)

Altars:


Message History

A quokka comes into view.
The goblin writhes in agony.
A dart slug comes into view.
The goblin writhes in agony!
You kill the goblin!
The dead are walking!
Your goblin skeleton misses the giant cockroach.
There are monsters nearby!
Found a pair of gloves.
Your goblin skeleton closely misses the giant cockroach.
The giant cockroach misses you.
The quokka barely misses your goblin skeleton.
You hit the giant cockroach but do no damage.
The giant cockroach barely misses you.
Your goblin skeleton barely misses the giant cockroach.
You hit the giant cockroach but do no damage.
A giant cockroach comes into view.
The giant cockroach misses you.
Your goblin skeleton closely misses the giant cockroach.
You hit the giant cockroach but do no damage.
The giant cockroach closely misses you. The dart slug launches a dart at you.
The slug dart hits your goblin skeleton.
Your goblin skeleton closely misses the giant cockroach.
The quokka bites you. The giant cockroach bites you.
You barely miss the quokka. The quokka barely misses you.
The giant cockroach bites you but does no damage.
Your goblin skeleton hits the giant cockroach.
You catch the helpless giant cockroach completely off-guard!
You hit the giant cockroach but do no damage.
The giant cockroach is moderately wounded.
The quokka bites you.
* * * LOW HITPOINT WARNING * * *
The giant cockroach closely misses you.
Your goblin skeleton barely misses the giant cockroach.
The dart slug launches a dart at you.
The slug dart hits your goblin skeleton.
Your goblin skeleton is destroyed!
The quokka bites you.
You die...

[#. .# .# #. .# ..)
..... #.###.#.#
.w..... #).Z.# #..B#
....... #.rB#
#....... #..@#
........
#...##>#.......
#......#.......
##'#####......
#........######
####..............
......####...####
.~.......##...######
~~.......##.........


You could see a dart slug, a quokka, 2 giant cockroaches and a friendly goblin
skeleton.

Vanquished Creatures
  A ball python (D:1)
  2 goblins (D:1)
  A kobold (D:1)
  A bat (D:1)
  A frilled lizard (D:1)
  A rat (D:1)
7 creatures vanquished.

Notes
Turn   | Place    | Note
-------+----------+-------------------------------------------
     0 | D:1      | siradein the Demonspawn Necromancer began the quest for the
                  | Orb.
     0 | D:1      | Reached XP level 1. HP: 13/13 MP: 3/3
   170 | D:1      | Slain by a quokka

Illustrated notes

Levels and vault maps discovered:
D:1:      co_arrival_square_in_a_square_in_a_square, layout_basic,
          hangedman_decor_growths, chequers_big_river, grunt_decor_resistance,
          minmay_surrounded

Action                   || total
-------------------------++-------
Melee: Unarmed           ||     7
       Short sword       ||     5
       Punch             ||     1
 Cast: Necrotise         ||    12
 Stab: Distracted        ||     1
Armor: Robe              ||     2
Dodge: Dodged            ||    14

Table legend: (Time is in decaauts)
 A = Elapsed time spent in this place.
 B = Non-inter-level travel time spent in this place.
 C = Inter-level travel time spent in this place.
 D = Time resting spent in this place.
 E = Time spent auto-exploring this place.
 F = Levels seen in this place.
 G = Mean time per level.
                   A        B        C        D        E       F      G
               +--------+--------+--------+--------+--------+-----+--------+
         Total |    170 |    170 |      0 |      0 |    130 |   1 |  170.0 |
       Dungeon |    170 |    170 |      0 |      0 |    130 |   1 |  170.0 |
               +--------+--------+--------+--------+--------+-----+--------+

Top non-repeatable levels by time:
     D:1: 170 daAuts
